 Dungeon Crawl Stone Soup version 0.18.1-48-g4cf74bf (webtiles) character file.

14201 Galewin the Severer (level 11, -28/151 HPs)
             Began as a Minotaur Berserker on July 12, 2016.
             Was a High Priest of Trog.
             Annihilated by a very large slime creature (50 damage)
             ... on level 13 of the Dungeon.
             The game lasted 00:31:16 (9558 turns).

Galewin the Severer (Minotaur Berserker)            Turns: 9558, Time: 00:31:18

Health: -28/151    AC: 16    Str: 31    XL:     11   Next: 85%
Magic:  10/10      EV:  8    Int:  4    God:    Trog [*****.]
Gold:   351        SH:  0    Dex:  9    Spells: 0 memorised, 10 levels left

rFire  . . .     SeeInvis .     M - +3 executioner's axe (drain)
rCold  . . .     Gourm    .     y - +1 plate armour
rNeg   . . .     Faith    .     (shield currently unavailable)
rPois  +         Spirit   .     (helmet restricted)
rElec  .         Dismiss  .     a - +0 cloak
rCorr  .         Reflect  .     (no gloves)
SustAt +         Harm     .     (no boots)
MR     .....                    (no amulet)
Stlth  ..........               E - ring of sustain attributes
                                D - ring of poison resistance

@: berserking, very quick, not resistant to hostile enchantments, extremely
unstealthy
A: retaliatory headbutt, horns 2
a: Berserk, Trog's Hand, Brothers in Arms, Burn Spellbooks, Renounce Religion


You were on level 13 of the Dungeon.
You worshipped Trog.
Trog was extremely pleased with you.
You were not hungry.

You visited 1 branch of the dungeon, and saw 13 of its levels.

You collected 641 gold pieces.
You spent 290 gold pieces at shops.

Inventory:

Hand Weapons
 M - a +3 executioner's axe of draining (weapon)
Armour
 a - a +0 cloak (worn)
 y - a +1 plate armour (worn)
Rods
 w - a +0 rod of clouds (11/11)
   (You found it on level 10 of the Dungeon)
Jewellery
 x - an uncursed ring of protection from fire
 D - a ring of poison resistance (left hand)
 E - a ring of sustain attributes (right hand)
Wands
 c - a wand of polymorph (18/24)
 i - a wand of iceblast (10/15)
 m - a wand of flame (18/48)
 G - a wand of paralysis (16/24)
 N - a wand of paralysis (5/24)
Scrolls
 e - 7 scrolls of identify
 k - 3 scrolls of teleportation
 z - a scroll of blinking
 A - a scroll of summoning {unknown}
 C - 3 scrolls of remove curse
 F - a scroll of magic mapping
 H - 2 scrolls of recharging
 I - 2 scrolls of fog
Potions
 b - 3 potions of lignification {unknown}
 d - 2 potions of cancellation {unknown}
 g - 2 potions of degeneration {unknown}
 h - 2 potions of heal wounds
 l - 4 potions of curing {unknown}
 n - 4 potions of berserk rage {unknown}
 o - 3 potions of brilliance {unknown}
 q - a potion of beneficial mutation {unknown}
 r - 2 potions of ambrosia {unknown}
 s - 3 potions of haste {unknown}
 t - a potion of invisibility {unknown}
 u - 2 potions of resistance {unknown}
 B - 2 potions of agility {unknown}
 J - a potion of cure mutation {unknown}
 L - 2 potions of flight {unknown}
Comestibles
 f - 8 meat rations
 p - 8 fruits
 v - 14 royal jellies


   Skills:
 + Level 10.3 Fighting
 * Level 17.6 Axes
 + Level 9.7 Armour
 - Level 2.1 Dodging


You had 10 spell levels left.
You didn't know any spells.

Dungeon Overview and Level Annotations

Branches:
Dungeon (13/15)            Temple (0/1) D:6            Lair (0/8) D:11
    Orc (0/2) D:11
 Vaults: D:13-14

Altars:
Cheibriados
Elyvilon
Fedhas
Gozag
Nemelex Xobeh
Okawaru
Pakellas
Ru
Yredelemnul
Zin
Beogh

Shops:
D:5 *(   D:7 %   D:9 =


Innate Abilities, Weirdness & Mutations

You reflexively headbutt those who attack you in melee.
You have a pair of horns on your head.


Message History

The slime creature hits you!
You slice the slime creature!!
The slime creature is moderately wounded.
The slime creature hits you.
A slime creature comes into view.
You barely miss the slime creature. You headbutt the slime creature!!
The slime creature is almost dead.
Two slime creatures merge to form a large slime creature.
Two slime creatures merge to form a very large slime creature.
A slime creature comes into view.
You slice the very large slime creature!!
The very large slime creature is heavily wounded.
You slice the very large slime creature!!
The very large slime creature is heavily wounded.
The very large slime creature hits you!!!
* * * LOW HITPOINT WARNING * * *
You hit the very large slime creature.
The very large slime creature is severely wounded.
The very large slime creature hits you!!!
You die...

..#..# .....# .....+
.....#
#######.....#..#
...........#..##
#..$.....#...#..
#.J.###..#...#.#
#.@......#...+.#
#J###'####...#.#
...#..........#.####
#....#..........#.....
#############...#.....
#...'..... #...#....#
.## #...#....#
#########...
#...#....^


You could see a very large slime creature and a slime creature.

Vanquished Creatures
  An unseen horror (D:11)
  An orc knight (D:11)
  2 hill giants (D:10)
  An ugly thing (D:11)
  2 gargoyles
  A troll (D:12)
  A two-headed ogre (D:11)
  3 slime creatures (D:12)
  Grinder (D:6)
  A vampire (D:10)
  14 yaks
  Eustachio (D:4)
  3 hippogriffs
  A hungry ghost (D:9)
  Menkaure (D:6)
  2 water moccasins
  2 black bears (D:9)
  2 ice beasts (D:10)
  9 orc warriors
  A wasp (D:9)
  2 sky beasts
  8 ogres
  A phantom (D:6)
  5 giant frogs
  A gnoll sergeant (D:10)
  5 scorpions
  24 killer bees
  7 wights (D:12)
  2 howler monkeys (D:8)
  3 jellies
  9 crimson imps
  A centaur zombie (D:6)
  A giant frog zombie (D:12)
  A quasit (D:8)
  9 orc priests
  Crazy Yiuf (D:3)
  2 centaur skeletons (D:12)
  2 giant frog skeletons (D:4)
  9 hounds
  12 orc wizards
  6 worker ants
  4 iguanas
  A hound zombie (D:5)
  A hound skeleton (D:10)
  A howler monkey zombie (D:8)
  A worker ant zombie (D:5)
  A howler monkey skeleton (D:6)
  12 gnolls
  9 adders
  2 shadow imps
  3 oozes
  An adder skeleton (D:9)
  2 adder zombies (D:7)
  A dart slug (D:4)
  3 giant geckos
  43 orcs
  6 giant cockroaches
  3 goblins
  2 hobgoblins
  4 jackals (D:8)
  3 quokkas
  A ball python (D:2)
  4 bats
  A giant cockroach zombie (D:5)
  4 giant newts
  2 jackal skeletons
  A jackal zombie (D:6)
  7 kobolds
  3 rats
287 creatures vanquished.

Vanquished Creatures (collateral kills)
  A queen bee (D:12)
  5 killer bees (D:12)
6 creatures vanquished.

Grand Total: 293 creatures vanquished

Notes
Turn   | Place    | Note
--------------------------------------------------------------
     0 | D:1      | Galewin the Minotaur Berserker began the quest for the Orb.
     0 | D:1      | Reached XP level 1. HP: 19/19 MP: 0/0
   101 | D:1      | Reached skill level 4 in Axes
   101 | D:1      | Reached XP level 2. HP: 17/26 MP: 1/1
   677 | D:2      | Reached skill level 5 in Axes
   732 | D:2      | Reached XP level 3. HP: 30/31 MP: 2/2
   833 | D:2      | Reached ** piety under Trog
  1088 | D:3      | Reached XP level 4. HP: 37/39 MP: 3/3
  1129 | D:3      | Reached skill level 6 in Axes
  1234 | D:3      | Found a sacrificial altar of Ru.
  1675 | D:3      | Noticed Crazy Yiuf
  1679 | D:3      | Killed Crazy Yiuf
  1882 | D:4      | Noticed an ogre
  1888 | D:4      | Reached skill level 7 in Axes
  1888 | D:4      | Reached XP level 5. HP: 38/45 MP: 4/4
  1897 | D:4      | Killed an ogre
  1897 | D:4      | Reached skill level 8 in Axes
  1897 | D:4      | Reached XP level 6. HP: 33/51 MP: 5/5
  1970 | D:4      | Found a snail-covered altar of Cheibriados.
  2138 | D:4      | Noticed Eustachio
  2161 | D:4      | Killed Eustachio
  2161 | D:4      | Reached skill level 9 in Axes
  2390 | D:4      | Reached XP level 7. HP: 56/57 MP: 6/6
  2400 | D:4      | Found a white marble altar of Elyvilon.
  2466 | D:4      | Reached *** piety under Trog
  2499 | D:4      | Reached skill level 10 in Axes
  2650 | D:4      | Found a basalt altar of Yredelemnul.
  2760 | D:5      | Entered Level 5 of the Dungeon
  2871 | D:5      | Found Urhaleurph's Antique Weapon Boutique.
  2922 | D:5      | Reached skill level 11 in Axes
  3145 | D:5      | Reached XP level 8. HP: 42/64 MP: 7/7
  3226 | D:5      | Found an oddly glowing altar of Pakellas.
  3228 | D:5      | Found a blossoming altar of Fedhas.
  3426 | D:5      | Found Taoggoco's Assorted Antiques.
  3530 | D:6      | Noticed Grinder
  3541 | D:6      | Killed Grinder
  3541 | D:6      | Reached skill level 12 in Axes
  3627 | D:6      | Found a staircase to the Ecumenical Temple.
  3768 | D:5      | Bought a runed executioner's axe for 290 gold pieces
  4070 | D:6      | Noticed Menkaure
  4074 | D:6      | Killed Menkaure
  4074 | D:6      | Reached skill level 13 in Axes
  4208 | D:7      | Found an iron altar of Okawaru.
  4390 | D:7      | Found Faradd's Food Shoppe.
  4651 | D:8      | Reached XP level 9. HP: 48/72 MP: 8/8
  5063 | D:8      | Found a glowing silver altar of Zin.
  5069 | D:8      | Reached **** piety under Trog
  5073 | D:8      | Reached skill level 5 in Fighting
  5127 | D:8      | Reached skill level 14 in Axes
  5224 | D:8      | Reached skill level 5 in Armour
  5512 | D:9      | Received a gift from Trog
  5574 | D:9      | Found Tiuf's Jewellery Shop.
  5596 | D:9      | Found a sacrificial altar of Ru.
  5710 | D:9      | Found a sparkling altar of Nemelex Xobeh.
  5936 | D:10     | Entered Level 10 of the Dungeon
  6011 | D:10     | Reached XP level 10. HP: 84/84 MP: 9/9
  6054 | D:10     | Reached ***** piety under Trog
  6260 | D:10     | Reached skill level 15 in Axes
  6261 | D:10     | Received a gift from Trog
  6303 | D:10     | Noticed a gargoyle
  6312 | D:10     | Killed a gargoyle
  7168 | D:10     | Noticed a hill giant
  7175 | D:10     | Killed a hill giant
  7204 | D:10     | Noticed a hill giant
  7210 | D:10     | Killed a hill giant
  7210 | D:10     | Reached skill level 16 in Axes
  7304 | D:11     | Found a staircase to the Lair.
  7370 | D:11     | Killed an unseen horror
  7432 | D:11     | Reached XP level 11. HP: 95/95 MP: 10/10
  7558 | D:11     | Found an opulent altar of Gozag.
  7641 | D:11     | Noticed a purple ugly thing
  7645 | D:11     | Killed a purple ugly thing
  7662 | D:11     | Noticed an orc knight
  7680 | D:11     | Killed an orc knight
  7836 | D:11     | Found a roughly hewn altar of Beogh.
  7836 | D:11     | Found a staircase to the Orcish Mines.
  8369 | D:12     | Found a sparkling altar of Nemelex Xobeh.
  8490 | D:12     | Reached skill level 17 in Axes
  8891 | D:12     | Reached skill level 10 in Fighting
  9558 | D:13     | Annihilated by a very large slime creature

Skill      XL: |  1  2  3  4  5  6  7  8  9 10 11 |
---------------+----------------------------------+-----
Axes           | 4 5 7 8 9 11 13 14 16 17 | 17.6
Fighting       | 4 6 8 10 | 10.3
Armour         | 3 6 8 9 |  9.7
Dodging        | |  2.1

Action                   |  1- 3 |  4- 6 |  7- 9 | 10-12 || total
-------------------------+-------+-------+-------+-------++-------
Melee: Hand axe          |    58 |    73 |   180 |       ||   311
       Headbutt          |    10 |    14 |    57 |    50 ||   131
       Executioner's axe |       |       |   177 |   272 ||   449
Invok: Berserk           |     1 |     2 |     6 |    11 ||    20
       Burn Spellbooks   |       |     1 |       |     1 ||     2
       Trog's Hand       |       |       |       |     2 ||     2
       Brothers in Arms  |       |       |       |     1 ||     1
  Use: Scroll            |       |     3 |    21 |     5 ||    29
       Potion            |       |       |       |     1 ||     1
  Eat: Chunk             |     2 |     4 |     3 |     3 ||    12
       Bread ration      |       |     2 |     2 |     3 ||     7
       Pizza             |       |       |     1 |     1 ||     2
       Meat ration       |       |       |       |     1 ||     1
Armor: Animal skin       |     5 |       |       |       ||     5
       Chain mail        |    16 |    34 |    77 |       ||   127
       Plate armour      |       |       |   125 |   215 ||   340
Dodge: Dodged            |    26 |    29 |   133 |   138 ||   326
